 Dungeon Crawl Stone Soup version 0.20.1-1-g8b1a95d (webtiles) character file.

823 Schiappus the Chopper (level 7, 0/105 HPs)
             Began as a Troll Berserker on Nov 11, 2017.
             Was an Elder of Trog.
             Slain by a phantom (6 damage)
             ... on level 4 of the Dungeon.
             The game lasted 00:14:07 (3308 turns).

Schiappus the Chopper (Troll Berserker)             Turns: 3308, Time: 00:14:08

Health: 0/105      AC:  5    Str: 32    XL:     7   Next: 64%
Magic:  6/6        EV: 10    Int:  4    God:    Trog [****..]
Gold:   183        SH:  0    Dex:  9    Spells: 6/6 levels left

rFire    + . .     SeeInvis .   a - +1 hand axe
rCold    . . .     Gourm    +   (no shield)
rNeg     . . .     Faith    .   n - +0 robe
rPois    .         Spirit   .   (helmet restricted)
rElec    .         Reflect  .   (no cloak)
rCorr    .         Harm     .   (gloves unavailable)
MR       .....                  (boots unavailable)
Stlth    ..........             (no amulet)
Regen    0.7/turn               l - ring of protection from fire
MPRegen  0.1/turn               (no ring)

@: berserking, heavily drained, quick
A: unfitting armour, claws 3, fast metabolism 3, gourmand, regeneration 1,
shaggy fur 1, tough skin 2
a: Berserk, Trog's Hand, Brothers in Arms, Burn Spellbooks, Renounce Religion


You were on level 4 of the Dungeon.
You worshipped Trog.
Trog was greatly pleased with you.
You were full.

You visited 1 branch of the dungeon, and saw 4 of its levels.

You collected 183 gold pieces.

Inventory:

Hand Weapons
 a - a +1 hand axe (weapon)
Armour
 n - a +0 robe (worn)
Jewellery
 l - a ring of protection from fire (left claw)
Wands
 k - a wand of flame (29/48)
Scrolls
 b - 2 scrolls of identify
 f - a scroll of teleportation
 h - 7 scrolls of remove curse
 j - a scroll of blinking {unknown}
Potions
 d - 2 potions of lignification
 e - a potion of berserk rage
 i - a potion of brilliance {unknown}
 m - a potion of curing {unknown}
 q - a potion of magic
Comestibles
 c - 7 bread rations
 g - a royal jelly
 r - 2 meat rations


   Skills:
 + Level 4.1(2.5) Fighting
 + Level 5.5(3.9) Axes
 + Level 4.2(2.6) Dodging
 + Level 0.8(0.0) Stealth


You had 6 spell levels left.
You didn't know any spells.

Dungeon Overview and Level Annotations

Branches:
Dungeon (4/15)             Temple (0/1) D:4

Altars:
Nemelex Xobeh
Ru
Uskayaw
The Shining One


Innate Abilities, Weirdness & Mutations

You are too large for most types of armour.
You have claws for hands.
Your metabolism is lightning-fast.
You like to eat raw meat.
Your natural rate of healing is unusually fast.
You are covered in fur. (AC +1)
You have very tough skin. (AC +2)


Message History

You miss the phantom. You hit the worm. The phantom barely misses you.
The worm splashes around in the water. x2; The phantom hits you.
* * * LOW HITPOINT WARNING * * *
You barely miss the worm.
The worm is almost dead.
You closely miss the phantom. You barely miss the worm.
The worm barely misses you. The phantom barely misses you.
You hit the worm but do no damage.
The worm is almost dead.
You hit the phantom but do no damage. You hit the worm.
You hear the drain falling apart.
The worm bites you.
* * * LOW HITPOINT WARNING * * *
The phantom hits you but does no damage.
A red film seems to cover your vision as you go berserk!
You feel yourself moving faster!
You feel mighty!
You feel a lot less full. The worm bites you but does no damage.
The worm bites you.
* * * LOW HITPOINT WARNING * * *
The phantom hits you.
You die...

#......# #.[....#
#≈≈....# #≈≈≈...#
###≈#....# ≈≈#≈≈≈...#
#####≈#≈#≈..##
#≈≈≈ww#†≈≈≈..## ###
#@#≈#≈....## ..# ###
#W#§#≈.....# ..# ##.#
#≈≈≈#...#..?#
..####..##
#######W..##...
..##.....#
##......#### ..
..#.....#####.......#
.
###.................#
.........###........##
......8..._...8......#


You could see a phantom and 2 worms.

Vanquished Creatures
  The ghost of StylePro the Sneak, an amateur SpAs (D:4)
  A phantom (D:4)
  An ogre (D:3)
  A centaur (D:3)
  2 orc priests
  2 orc wizards
  A bullfrog skeleton (D:4)
  Jessica (D:2)
  2 worker ants (D:4)
  Ijyb (D:4)
  An iguana (D:4)
  5 adders
  2 river rats (D:4)
  6 oozes
  An adder skeleton (D:4)
  A worm (D:4)
  2 dart slugs
  5 leopard geckos
  8 orcs
  10 bats
  5 giant cockroaches
  8 goblins
  10 hobgoblins
  7 jackals
  2 quokkas (D:2)
  A ball python (D:3)
  4 frilled lizards
  11 kobolds
  2 quokka skeletons (D:4)
  11 rats
115 creatures vanquished.

Notes
Turn   | Place    | Note
-------+----------+-------------------------------------------
     0 | D:1      | Schiappus the Troll Berserker began the quest for the Orb.
     0 | D:1      | Reached XP level 1. HP: 22/22 MP: 0/0
   156 | D:1      | Reached XP level 2. HP: 12/29 MP: 1/1
   551 | D:1      | Reached ** piety under Trog
   630 | D:1      | Reached XP level 3. HP: 34/36 MP: 2/2
  1118 | D:2      | Found a sparkling altar of Nemelex Xobeh.
  1158 | D:3      | Reached skill level 3 in Axes
  1214 | D:3      | Reached XP level 4. HP: 44/44 MP: 3/3
  1549 | D:3      | Reached *** piety under Trog
  1598 | D:2      | Noticed Jessica
  1600 | D:2      | Found a sacrificial altar of Ru.
  1605 | D:2      | Killed Jessica
  1605 | D:2      | Reached XP level 5. HP: 48/53 MP: 4/4
  2342 | D:3      | Reached skill level 4 in Axes
  2409 | D:3      | Noticed a centaur
  2432 | D:3      | Killed a centaur
  2432 | D:3      | Reached XP level 6. HP: 29/61 MP: 5/5
  2613 | D:3      | Found a glowing golden altar of the Shining One.
  2695 | D:4      | Noticed Edmund
  2737 | D:4      | Noticed StylePro's ghost (amateur SpAs)
  2768 | D:4      | Killed StylePro's ghost
  2768 | D:4      | Reached skill level 5 in Axes
  2768 | D:4      | Reached XP level 7. HP: 29/68 MP: 6/6
  2942 | D:4      | Reached **** piety under Trog
  2942 | D:4      | Received a gift from Trog
  3070 | D:4      | Noticed Ijyb
  3084 | D:4      | Killed Ijyb
  3184 | D:4      | Found a staircase to the Ecumenical Temple.
  3195 | D:4      | Found a hide-covered altar of Uskayaw.
  3308 | D:4      | Slain by a phantom

Skill      XL: |  1  2  3  4  5  6  7 |
---------------+----------------------+-----
Axes           | 3 4 5 |  5.5
Dodging        | 3 4 |  4.2
Fighting       | 3 4 |  4.1
Stealth        | |  0.8

Action                   |  1- 3 |  4- 6 |  7- 9 || total
-------------------------+-------+-------+-------++-------
Melee: Hand axe          |   131 |   193 |    93 ||   417
Invok: Berserk           |     1 |     1 |     3 ||     5
  Use: Scroll            |     4 |     6 |       ||    10
       Potion            |       |     2 |       ||     2
 Stab: Sleeping          |       |     1 |       ||     1
  Eat: Chunk             |    16 |    17 |     5 ||    38
Armor: Animal skin       |    63 |    73 |       ||   136
       Robe              |       |    18 |    23 ||    41
Dodge: Dodged            |   100 |   146 |    44 ||   290
